 Dungeon Crawl Stone Soup version 0.22-a0-756-gc33bbe721d (webtiles) character file.

55 RedPan the Grave Robber (level 3, -5/25 (26) HPs)
             Began as a Ghoul Necromancer on July 16, 2018.
             Slain by a gnoll
             ... wielding a +0 spear
              (11 damage)
             ... on level 3 of the Dungeon.
             The game lasted 00:05:53 (3416 turns).

RedPan the Grave Robber (Ghoul Necromancer)         Turns: 3416, Time: 00:05:53

HP:   -5/25 (26)    AC:  2    Str: 11    XL:     3   Next: 93%
MP:   1/5           EV: 12    Int: 11    God:
Gold: 102           SH:  0    Dex:  9    Spells: 1/6 levels left

rFire    . . .     SeeInvis .   d - +1 short sword
rCold    + + .     Gourm    .   (no shield)
rNeg     + + +     Faith    .   a - +0 robe
rPois    ∞         Spirit   .   l - +0 hat
rElec    .         Reflect  .   (no cloak)
rCorr    .         Harm     .   (no gloves)
MR       .....                  (no boots)
Stlth    ++........             (no amulet)
HPRegen  0.00/turn              h - ring of protection from cold
MPRegen  0.09/turn              (no ring)

@: rotting
A: rotting body, claws 1, carnivore, cold resistance 1, negative energy
resistance 3, inhibited regeneration, torment resistance, unbreathing
a: no special abilities


You were on level 3 of the Dungeon.
You were not hungry.

You visited 1 branch of the dungeon, and saw 3 of its levels.

You collected 102 gold pieces.

Inventory:

Hand Weapons
 d - a +1 short sword (weapon)
Armour
 a - a +0 robe (worn)
 l - a +0 hat (worn)
Jewellery
 h - a ring of protection from cold (left claw)
Scrolls
 b - 2 scrolls of enchant weapon
 f - a scroll of fear {unknown}
 j - a scroll of remove curse
Potions
 e - a potion of berserk rage
 k - a potion of lignification {unknown}
Comestibles
 c - 5 rations


   Skills:
 - Level 1.7 Dodging
 - Level 2.1 Stealth
 + Level 2.4 Spellcasting
 * Level 5.0 Necromancy


You had one spell level left.
You knew the following spells:

 Your Spells              Type           Power        Failure   Level  Hunger
a - Pain                  Necr           ##..         3%          1    ##.....
b - Animate Skeleton      Necr           N/A          3%          1    ##.....
c - Vampiric Draining     Necr           ##........   11%         3    ####...

Your spell library contained the following spells:

 Spells                   Type           Power        Failure   Level  Hunger
 Animate Dead             Necr           N/A          34%         4    #####..
 Regeneration             Chrm/Necr      #.........   30%         3    ####...


Dungeon Overview and Level Annotations

Branches:
Dungeon (3/15)

Altars:
Makhleb
Nemelex Xobeh
Wu Jian


Innate Abilities, Weirdness & Mutations

Your body is rotting away.
You thrive on raw meat.
You are immune to poison.
You have sharp fingernails.
You are carnivorous and can eat meat at any time.
Your flesh is cold resistant. (rC+)
You are immune to negative energy. (rN+++)
You do not regenerate when monsters are visible.
You are immune to unholy pain and torment.
You can survive without breathing.


Message History

Confirm with . or Enter, or press ? or * to list all spells.
Aiming: Pain (safe; 3% risk of failure)
Press: ? - help, Shift-Dir - straight line, f/p - gnoll
Aim: a gnoll, wielding a spear (lightly wounded, chance to defeat MR: 76%)
The gnoll writhes in agony!
The gnoll barely misses you. The gnoll hits you.
Casting: Pain (safe; 3% risk of failure)
Confirm with . or Enter, or press ? or * to list all spells.
Aiming: Pain (safe; 3% risk of failure)
Press: ? - help, Shift-Dir - straight line, f/p - gnoll
Aim: a gnoll, wielding a spear (moderately wounded, chance to defeat MR: 76%)
The gnoll writhes in agony!
The gnoll hits you with a spear. The gnoll hits you.
* * * LOW HITPOINT WARNING * * *
Casting: Pain (safe; 3% risk of failure)
Confirm with . or Enter, or press ? or * to list all spells.
Aiming: Pain (safe; 3% risk of failure)
Press: ? - help, Shift-Dir - straight line, f/p - gnoll
Aim: a gnoll, wielding a spear (moderately wounded, chance to defeat MR: 76%)
The gnoll writhes in agony!
The gnoll hits you with a spear!
You die...

########### #.........#
###### #..........
.....#########..........
.......@.....####(......
.......gg.......).......
###.##.)..........#.....
#.##.)..###....##.....
#.##....# #..####.....
##.....#####.######.##.
#....................#.
..####............## ###....
.............).....####......


You could see 2 gnolls.

Vanquished Creatures
  A gnoll (D:3)
  A worm (D:3)
  2 dart slugs (D:1)
  An orc (D:3)
  3 giant cockroaches
  A quokka (D:3)
  7 bats
  5 frilled lizards
  6 goblins
  6 kobolds
  A quokka zombie (D:3)
  7 rats
41 creatures vanquished.

Notes
Turn   | Place    | Note
-------+----------+-------------------------------------------
     0 | D:1      | RedPan the Ghoul Necromancer began the quest for the Orb.
     0 | D:1      | Reached XP level 1. HP: 14/14 MP: 2/2
    60 | D:1      | Reached XP level 2. HP: 11/20 MP: 2/4
  1038 | D:1      | Learned a level 1 spell: Animate Skeleton
  1058 | D:2      | Found an ornate altar of the Wu Jian Council.
  1098 | D:2      | HP: 1/20 [goblin/club (3)]
  1344 | D:2      | Reached XP level 3. HP: 26/26 MP: 2/5
  1450 | D:2      | Found a sparkling altar of Nemelex Xobeh.
  1602 | D:2      | Found a burning altar of Makhleb.
  2108 | D:2      | Learned a level 3 spell: Vampiric Draining
  3062 | D:3      | Reached skill level 5 in Necromancy
  3416 | D:3      | Slain by a gnoll

Vault maps used:
D:1:      dpeg_arrival_shelter
D:2:      lemuel_doored_altar, old_standard_altar, makhleb_grotto_becter,
          first_ration
D:3:      uniq_ijyb

Skill      XL: |  1  2  3 |
---------------+----------+-----
Spellcasting   | 2 |  2.4
Necromancy     | 5 |  5.0
Dodging        | |  1.7
Stealth        | |  2.1

Action                   || total
-------------------------++-------
Melee: Short sword       ||   134
       Unarmed           ||     9
 Cast: Pain              ||    57
       Animate Skeleton  ||     1
  Use: Scroll            ||     5
 Stab: Sleeping          ||     2
  Eat: Chunk             ||    12
Armor: Robe              ||    34
Dodge: Dodged            ||   102

Table legend:
 A = Spawn XP
 B = Non-spawn XP
 C = Spawn XP percentage of total XP
 D = Spawn monster count
 E = Non-spawn monster count
 F = Spawn count percentage of total count
 G = Total turns spent on level
                    A         B        C        D         E        F      G
               +---------+---------+-------+---------+---------+-------+---------
         Total |       0 |      79 |   0.0 |       0 |      41 |   0.0 |  3416
               +---------+---------+-------+---------+---------+-------+---------
           D:1 |       0 |      28 |   0.0 |       0 |      18 |   0.0 |  1276
           D:2 |       0 |      22 |   0.0 |       0 |      15 |   0.0 |  1719
           D:3 |       0 |      29 |   0.0 |       0 |       8 |   0.0 |   421
               +---------+---------+-------+---------+---------+-------+---------
